 Dungeon Crawl Stone Soup version 0.27.1-4-g1640c2035a (webtiles) character file.

Game seed: 2990910266680944637

27 Crownlay the Digger (level 3, -2/19 HPs)
             Began as a Gargoyle Earth Elementalist on Oct 31, 2021.
             Slain by Terence (3 damage)
             ... on level 2 of the Dungeon.
             The game lasted 00:01:40 (1929 turns).

Crownlay the Digger (Gargoyle Earth Elementalist)   Turns: 1929, Time: 00:01:40

Health: -2/19      AC:  5    Str: 11    XL:     3   Next: 10%
Magic:  6/7        EV: 11    Int: 16    God:
Gold:   29         SH:  0    Dex: 10    Spells: 3/7 levels left

rFire    . . .     SeeInvis .   a - +0 club
rCold    . . .     Faith    .   (no shield)
rNeg     + . .     Spirit   .   b - +0 robe
rPois    ∞         Reflect  .   (no helmet)
rElec    +         Harm     .   (no cloak)
rCorr    .         Rampage  .   (no gloves)
Will     .....                  (no boots)
Stlth    ++........             (no amulet)
HPRegen  0.06/turn              (no ring)
MPRegen  0.10/turn              (no ring)

@: no status effects
A: sickness immunity, AC +3, negative energy resistance 1, electricity
resistance, torment resistance 1, petrification resistance
a: no special abilities


You were on level 2 of the Dungeon.
You visited 1 branch of the dungeon, and saw 2 of its levels.

You collected 29 gold pieces.

Inventory:

Hand Weapons
 a - a +0 club (weapon)
Missiles
 c - 60 stones
Armour
 b - a +0 robe (worn)
Scrolls
 d - a scroll of teleportation {unknown}
 i - a scroll of acquirement {unknown}
Potions
 e - 2 potions of magic {unknown}
 f - a potion of curing {unknown}
 g - 3 potions of attraction {unknown}
 h - 2 potions of flight {unknown}


   Skills:
 - Level 1.5 Dodging
 - Level 2.1 Stealth
 * Level 2.9 Spellcasting
 - Level 0.7 Transmutations
 + Level 4.1 Earth Magic


You had 3 spell levels left.
You knew the following spells:

 Your Spells              Type           Power      Damage    Failure   Level
a - Sandblast             Erth           30%        2d9       3%          1
b - Stone Arrow           Conj/Erth      16%        3d8       24%         3

Your spell library contained the following spells:

 Spells                   Type           Power      Damage    Failure   Level
 Passwall                 Tmut/Erth      8%         N/A       11%         2
 Call Canine Familiar     Summ           2%         N/A       50%         3
 Portal Projectile        Hex/Tloc       4%         N/A       50%         3
 Petrify                  Tmut/Erth      10%        N/A       56%         4
 Leda's Liquefaction      Hex/Erth       4%         N/A       63%         4


Dungeon Overview and Level Annotations

Branches:
Dungeon (2/15)

Altars:

Annotations:
D:2 Terence


Innate Abilities, Weirdness & Mutations

You are immune to sickness and miasma.
Your stone body is resilient. (AC +3)
You are immune to poison.
You resist negative energy. (rN+)
You are resistant to electric shocks. (rElec)
You are resistant to unholy torment.
You are immune to petrification.


Message History

No target in view!
No target in view!
No target in view!
A ball python comes into view.
A ball python is nearby!
A ball python is nearby!
The helpless ball python fails to defend itself.
You hit the ball python.
You kill the ball python!
No target in view!
No target in view!
No target in view!
Found 4 gold pieces.
You now have 29 gold pieces (gained 4).
You open the door.
There is an open door here.
Found 14 poisoned darts and 16 stones.
A giant cockroach comes into view.
Terence the Incautious comes into view.
He is wielding a +2 hand axe of freezing.
Found a stone staircase leading down.
Terence shouts!
Terence hits you with a +2 hand axe of freezing.
Terence freezes you.
You closely miss Terence. Terence barely misses you.
Terence hits you with a +2 hand axe of freezing.
Terence freezes you.
You are too injured to fight recklessly!
You are too injured to fight recklessly!
You are too injured to fight recklessly!
You are too injured to fight recklessly!
Casting: Sandblast (safe; 3% risk of failure)
Confirm with . or Enter, or press ? or * to list all spells.
Aiming: Sandblast (safe; 3% risk of failure)
Press: ? - help, Shift-Dir - straight line, f - Terence
Aim: Terence, wielding a +2 hand axe of freezing and wearing a +0 scale mail (82% to hit)
The blast of sand hits Terence but does no damage.
Terence hits you with a +2 hand axe of freezing!
* * * LOW HITPOINT WARNING * * *
Terence freezes you.
You die...

... #...(....#.# #.#
#....(...#.#######.## #
#........#...........
#........#.###.###.#.
#........#.# #.# #... #
#........#'###.###.#. #
#...............##.#. #
#.####.B#...............
.
#......@#.............##
#
#..###.@#.......#####.#
# # #..##......# #.# .
...##......+ +.# .
............# #.# .
###.>........# #.# #
#... ..# # ..... .


You could see Terence and a giant cockroach.

Vanquished Creatures
  A worm (D:2)
  2 giant cockroaches
  3 goblins (D:1)
  2 hobgoblins (D:1)
  3 quokkas (D:1)
  A ball python (D:2)
  A bat (D:1)
  4 kobolds
  7 rats
24 creatures vanquished.

Notes
Turn   | Place    | Note
-------+----------+-------------------------------------------
     0 | D:1      | Crownlay the Gargoyle Earth Elementalist began the quest
                  | for the Orb.
     0 | D:1      | Reached XP level 1. HP: 10/10 MP: 3/3
   505 | D:1      | Found a faded altar of an unknown god.
   845 | D:1      | Reached XP level 2. HP: 14/15 MP: 5/5
  1056 | D:1      | Reached skill level 4 in Earth Magic
  1751 | D:2      | Reached XP level 3. HP: 15/19 MP: 2/7
  1755 | D:2      | Learned a level 3 spell: Stone Arrow
  1924 | D:2      | Noticed Terence
  1929 | D:2      | Slain by Terence

Illustrated notes

Levels and vault maps discovered:
D:1:      dpeg_arrival_castle, layout_loops_corners,
          shapermc_ecumenical_altar_ellora
D:2:      layout_basic, basic_altar, minmay_misc_feat_roman,
          minmay_misc_feat_room, uniq_terence

Skill      XL: |  1  2 |
---------------+-------+-----
Earth Magic    | 4 |  4.1
Dodging        | |  1.5
Stealth        | |  2.1
Spellcasting   | |  2.9
Transmutations | |  0.7

Action                   || total
-------------------------++-------
Melee: Club              ||    69
       Unarmed           ||     8
 Cast: Sandblast         ||     9
 Stab: Sleeping          ||     6
Armor: Robe              ||    24
Dodge: Dodged            ||    42
